 Dungeon Crawl Stone Soup version 0.24.0-13-gcf9b3192b9 (webtiles) character file.

Game seed: 10868173364633545289, levelgen mode: deterministic

41 Iamsoldier the Poker (level 3, -1/28 HPs)
             Began as a Merfolk Gladiator on Nov 5, 2019.
             Slain by a rat (2 damage)
             ... on level 2 of the Dungeon.
             The game lasted 00:03:22 (919 turns).

Iamsoldier the Poker (Merfolk Gladiator)             Turns: 919, Time: 00:03:22

Health: -1/28      AC:  7    Str: 13 (15) XL:     3   Next: 52%
Magic:  3/3        EV: 10    Int:  4 (7)  God:
Gold:   25         SH:  3    Dex: 13 (15) Spells: 2/2 levels left

rFire    . . .     SeeInvis .   a - +1 trident
rCold    . . .     Gourm    .   o - +0 buckler
rNeg     . . .     Faith    .   n - +0 scale mail
rPois    .         Spirit   .   c - +0 helmet
rElec    .         Reflect  .   (no cloak)
rCorr    .         Harm     .   (no gloves)
MR       .....                  (no boots)
Stlth    ..........             (no amulet)
HPRegen  0.09/turn              (no ring)
MPRegen  0.08/turn              (no ring)

@: flying
A: change form in water, swift swim, stealthy swim
a: no special abilities


You were on level 2 of the Dungeon.
You were not hungry.

You visited 1 branch of the dungeon, and saw 2 of its levels.

You collected 25 gold pieces.

Inventory:

Hand Weapons
 a - a +1 trident (weapon)
Missiles
 d - 3 throwing nets (quivered)
Armour
 b - a +0 leather armour
 c - a +0 helmet (worn)
 n - a +0 scale mail (worn)
 o - a +0 buckler (worn)
Scrolls
 i - 3 scrolls of remove curse
 k - a scroll of enchant weapon
 m - a scroll of identify
Comestibles
 f - 2 rations


   Skills:
 * Level 2.9 Fighting
 * Level 5.2 Polearms
 - Level 2.0 Throwing
 - Level 0.6 Armour
 + Level 4.3 Dodging
 + Level 0.1 Shields


You had 2 spell levels left.
You didn't know any spells.
Your spell library was empty.

Dungeon Overview and Level Annotations

Branches:
Dungeon (2/15)

Altars:


Message History

i - 3 scrolls of remove curse None of your equipped items are cursed.
As you read the scroll labeled BAFAPH KAPTUG, it crumbles to dust.
It is a scroll of enchant weapon.
Your +0 trident glows red for a moment.
* * * LOW HITPOINT WARNING * * *
You feel sick.
* * * LOW HITPOINT WARNING * * *
You feel sick.
You see here 10 gold pieces.
* * * LOW HITPOINT WARNING * * *
You feel sick.
* * * LOW HITPOINT WARNING * * *
You feel sick.
You are no longer poisoned.
A rat comes into view.
Found a scroll labeled VOSSOSTRAUTS.
You barely miss the rat. The rat bites you but does no damage.
You closely miss the rat. The rat closely misses you. The rat bites you.
You die...

***,**,* *,,* #$#
#g#...≈≈≈≈,, ,,,,,,,* #,,*
#.# #.g.⌠....≈,, ,,,,,,,*
#.,* #.# ##g.......,,
,*****,**##..* #.#
#.######.,, ,* *,,,..?.###.#
#.# **** ,* *,****#...#.##
#.# ,* *,**#####....# #.#
,*****,,,......r..# #.#
,,,<,,,**##.##..@.# #.#
,*,,**,* #.##...## #.#
,*,,**,* #.##...######.#
,*,,**,* #.##.......[..#
,*,,**,####.##..#########
,,,,,,,,..#.##..#######****
,,,*****#.#.##........#,,,**
,***
#.#.##.######..,,,,******
.########......#
*,,,,,,,,,,,,


You could see a rat.

Vanquished Creatures
  A gnoll (D:1)
  An adder (D:2)
  A leopard gecko (D:2)
  2 giant cockroaches (D:1)
  A goblin (D:1)
  4 hobgoblins
  3 bats (D:1)
  A frilled lizard (D:1)
  5 kobolds (D:1)
  6 rats
25 creatures vanquished.

Notes
Turn   | Place    | Note
-------+----------+-------------------------------------------
     0 | D:1      | Iamsoldier the Merfolk Gladiator began the quest for the
                  | Orb.
     0 | D:1      | Reached XP level 1. HP: 16/16 MP: 1/1
    39 | D:1      | Reached XP level 2. HP: 23/23 MP: 2/2
   486 | D:1      | Reached skill level 5 in Polearms
   486 | D:1      | Reached XP level 3. HP: 21/28 MP: 3/3
   910 | D:2      | HP: 1/28 [poisoned by an adder]
   919 | D:2      | Slain by a rat

Levels and vault maps discovered:
D:1:      wander_arrival_desolate, layout_basic, minmay_misc_feat_secret_circle
D:2:      layout_loops_ring, kiku_gazebo_pond_becter,
          nicolae_qazlal_style_of_elements

Skill      XL: |  1  2 |
---------------+-------+-----
Polearms       | 5 |  5.2
Fighting       | |  2.9
Throwing       | |  2.0
Armour         | |  0.6
Dodging        | |  4.3
Shields        | |  0.1

Action                   || total
-------------------------++-------
Melee: Trident           ||    71
  Use: Scroll            ||     5
       Potion            ||     2
 Stab: Sleeping          ||     1
Armor: Leather armour    ||     5
       Scale mail        ||    10
Dodge: Dodged            ||    43
Block: Buckler           ||     3
